 Dungeon Crawl Stone Soup version 0.29-a0-813-g4a14ea37d6 (webtiles) character file.

Game seed: 17989938116645784388

101 LynnLen the Sneak (level 4, 0/24 HPs)
             Began as a Vampire Enchanter on July 4, 2022.
             Slain by Natasha (3 damage)
             ... on level 3 of the Dungeon.
             The game lasted 00:12:19 (3036 turns).

LynnLen the Sneak (Vampire Enchanter)               Turns: 3036, Time: 00:12:23

Health: 0/24       AC:  3    Str:  4 (7)  XL:     4   Next: 48%
Magic:  5/7        EV: 13    Int: 14 (17) God:
Gold:   116        SH:  0    Dex: 12 (16) Spells: 3/7 levels left

rFire   . . .      SeeInvis +   a - +1 dagger
rCold   + + .      Faith    .   (no shield)
rNeg    + + +      Spirit   .   b - +0 robe
rPois   ∞          Reflect  .   j - +1 hat
rElec   .          Harm     .   (no cloak)
rCorr   .          Rampage  .   (no gloves)
Will    .....                   (no boots)
Stlth   +++++.....              (no amulet)
HPRegen 0.00/turn               (no ring)
MPRegen 0.10/turn               (no ring)

@: bloodless, inhibited regen, slowed, very slow
A: bloodless, fangs 3, see invisible, vampiric 2
a: Bat Form, Revivify


You were on level 3 of the Dungeon.
You visited 1 branch of the dungeon, and saw 3 of its levels.

You collected 116 gold pieces.

Inventory:

Hand Weapons
 a - a +1 dagger (weapon)
Missiles
 e - 12 poisoned darts (quivered)
Armour
 b - a +0 robe (worn)
 j - a +1 hat (worn)
Jewellery
 h - an amulet of the acrobat
Scrolls
 d - 2 scrolls of amnesia
Potions
 f - a potion of haste {unknown}
 g - a potion of curing {unknown}
 i - a potion of heal wounds {unknown}


   Skills:
 + Level 1.5 Short Blades
 * Level 3.4 Dodging
 * Level 6.3 Stealth
 + Level 2.2 Spellcasting
 + Level 4.9 Hexes


You had 3 spell levels left.
You knew the following spells:

 Your Spells              Type           Power      Damage    Failure   Level
a - Necrotise             Necr           4%         1d4       24%         1
b - Confusing Touch       Hex            15%        N/A       10%         3

Your spell library contained the following spells:

 Spells                   Type           Power      Damage    Failure   Level
 Tukima's Dance           Hex            15%        N/A       10%         3
 Ensorcelled Hibernation  Hex/Ice        16%        N/A       13%         2
 Dazzling Flash           Conj/Hex       16%        N/A       26%         3
 Portal Projectile        Hex/Tloc       16%        N/A       26%         3
 Blade Hands              Tmut           0%         N/A       100%        5


Dungeon Overview and Level Annotations

Branches:
Dungeon (3/15)

Altars:

Annotations:
D:3 Natasha


Innate Abilities, Weirdness & Mutations

You do not regenerate when monsters are visible.
You are frail without blood (-20% HP).
You can heal yourself when you bite living creatures.
You are immune to poison.
You have razor-sharp teeth.
You have supernaturally acute eyesight. (SInv)
You are afflicted with vampirism and can become a bat while bloodless.


Message History

Natasha claws you.
You barely miss Natasha.
Natasha is lightly wounded.
You closely miss Natasha.
Natasha is lightly wounded.
Natasha claws you.
You hit Natasha.
Natasha is heavily wounded.
Natasha stares at you and mumbles some strange words.
You feel yourself slow down.
You closely miss Natasha.
Natasha is heavily wounded.
Natasha stares at you and mumbles some strange words.
The magic dart hits you.
* * * LOW HITPOINT WARNING * * *
Natasha howls an incantation.
You feel troubled. Natasha barely misses you.
Your magical contamination has completely faded away.
It was a potion of degeneration.
There was something very wrong with that liquid.
You feel weakened.
You feel dopey.
You feel clumsy. Natasha claws you.
* * * LOW HITPOINT WARNING * * *
You hit Natasha but do no damage. Your bite misses Natasha.
Natasha is heavily wounded.
Natasha misses you. Natasha barely misses you.
You hit Natasha.
Natasha is heavily wounded.
Natasha barely misses you.
You hit Natasha.
Natasha is heavily wounded.
Natasha closely misses you.
You closely miss Natasha.
Natasha is heavily wounded.
Natasha misses you.
Natasha wildly gestures.
You feel troubled. Natasha claws you.
You die...

#..#### ######### #..#
##....... #..#
......###
#..##########.#......
#....................
##..##########.#.#.###
#...# #......# # #.#.#
##.###### #.#.# #.@.#
#.#......h.#
#.#####....# #....#
#....# ...... .......
........#


You could see Natasha.

Vanquished Creatures
  6 adders (D:2)
  A worm (D:2)
  A dart slug (D:2)
  4 ball pythons
  3 endoplasms
  A giant cockroach (D:3)
  2 goblins (D:1)
  A hobgoblin (D:2)
  6 jackals
  4 quokkas
  3 bats (D:1)
  4 frilled lizards
  3 kobolds
  3 rats
42 creatures vanquished.

Vanquished Creatures (collateral kills)
  A hobgoblin (D:1)
1 creature vanquished.

Grand Total: 43 creatures vanquished

Notes
Turn   | Place    | Note
-------+----------+-------------------------------------------
     0 | D:1      | LynnLen the Vampire Enchanter began the quest for the Orb.
     0 | D:1      | Reached XP level 1. HP: 13/13 MP: 3/3
   303 | D:1      | Reached XP level 2. HP: 15/15 MP: 5/5
   423 | D:1      | Found a faded altar of an unknown god.
   431 | D:1      | Got Plato's Atlas of the Dead
   464 | D:1      | Reached skill level 5 in Stealth
   466 | D:1      | Learned a level 1 spell: Necrotise
  1102 | D:2      | Gained mutation: You are afflicted with vampirism and can
                  | become a bat while bloodless. [Vampire growth]
  1102 | D:2      | Reached XP level 3. HP: 18/19 MP: 6/6
  1106 | D:2      | Learned a level 3 spell: Confusing Touch
  2009 | D:2      | Reached skill level 6 in Stealth
  2091 | D:2      | Reached XP level 4. HP: 19/24 MP: 3/7
  3019 | D:3      | Noticed Natasha
  3036 | D:3      | Slain by Natasha

Illustrated notes

Levels and vault maps discovered:
D:1:      mrwooster_arrival_statue_2, layout_loops_ring,
          shapermc_ecumenical_altar_rom_forum
D:2:      layout_rooms
D:3:      layout_basic, grunt_ministairs_14, uniq_crazy_yiuf_cottage,
          uniq_natasha, uniq_sigmund

Skill      XL: |  1  2  3  4 |
---------------+-------------+-----
Stealth        | 5 6 |  6.3
Dodging        | 3 |  3.4
Short Blades   | |  1.5
Spellcasting   | |  2.2
Hexes          | |  4.9

Action                   |  1- 3 |  4- 6 || total
-------------------------+-------+-------++-------
Melee: Dagger            |    84 |    50 ||   134
       Bite              |     8 |     6 ||    14
 Cast: Necrotise         |    20 |     7 ||    27
       Confusing Touch   |     1 |     1 ||     2
 Abil: Exsanguinate      |     1 |       ||     1
       End Transformatio |       |     1 ||     1
       Bat Form          |       |     1 ||     1
  Use: Scroll            |     4 |       ||     4
       Potion            |     2 |     1 ||     3
 Stab: Sleeping          |    11 |     4 ||    15
       Confused          |     1 |       ||     1
       Invisible         |     1 |       ||     1
Armor: Robe              |    25 |     6 ||    31
Dodge: Dodged            |    92 |    49 ||   141

Table legend: (Time is in decaauts)
 A = Elapsed time spent in this place.
 B = Non-inter-level travel time spent in this place.
 C = Inter-level travel time spent in this place.
 D = Time resting spent in this place.
 E = Time spent auto-exploring this place.
 F = Levels seen in this place.
 G = Mean time per level.
                   A        B        C        D        E       F      G
               +--------+--------+--------+--------+--------+-----+--------+
         Total |   3020 |   3020 |      0 |   1177 |    865 |   3 | 1006.7 |
       Dungeon |   3020 |   3020 |      0 |   1177 |    865 |   3 | 1006.7 |
               +--------+--------+--------+--------+--------+-----+--------+

Top non-repeatable levels by time:
     D:1: 1989 daAuts
     D:2: 972 daAuts
     D:3: 58 daAuts
